 Dungeon Crawl Stone Soup version 0.22.1-1-ga44c0e5 (webtiles) character file.

860 Folque the Firebug (level 7, -11/48 HPs)
             Began as a Demonspawn Fire Elementalist on Oct 26, 2018.
             Engulfed by a cloud of flame (27 damage)
             ... on level 5 of the Dungeon.
             The game lasted 00:18:15 (4823 turns).

Folque the Firebug (Demonspawn Fire Elementalist)   Turns: 4823, Time: 00:18:16

Health: -11/48     AC:  6    Str:  8    XL:     7   Next: 71%
Magic:  7/13       EV: 12    Int: 19    God:
Gold:   192        SH:  0    Dex: 13    Spells: 2/14 levels left

rFire    . . .     SeeInvis .   b - +0 long sword
rCold    + . .     Gourm    +   (no shield)
rNeg     . . .     Faith    .   a - +0 robe
rPois    .         Spirit   .   (helmet restricted)
rElec    .         Reflect  .   q - +0 cloak
rCorr    .         Harm     .   (no gloves)
MR       .....                  p - +2 pair of boots
Stlth    ++........             f - amulet of the gourmand
HPRegen  0.16/turn              (no ring)
MPRegen  0.13/turn              (no ring)

@: no status effects
A: horns 2, cold resistance 1, demonic guardian 1, freezing cloud immunity,
sturdy frame 1
a: no special abilities


You were on level 5 of the Dungeon.
You were very full.

You visited 1 branch of the dungeon, and saw 6 of its levels.

You collected 192 gold pieces.

Inventory:

Hand Weapons
 b - a +0 long sword (weapon)
 h - a +0 dagger
 j - a +0 short sword
Missiles
 g - 27 poisoned needles
 E - 3 tomahawks (quivered)
Armour
 a - a +0 robe (worn)
 i - a +0 pair of boots
 m - a cursed +0 ring mail
 p - a +2 pair of boots (worn)
 q - a +0 cloak (worn)
Jewellery
 f - an amulet of the gourmand (around neck)
 z - an uncursed ring of see invisible {unknown}
 C - an uncursed ring of resist corrosion {unknown}
 D - a cursed -3 ring of protection {unknown}
Wands
 s - a wand of random effects (15)
 w - a wand of digging (10)
Scrolls
 e - a scroll of magic mapping {unknown}
 l - 3 scrolls of enchant weapon {unknown}
 n - a scroll of enchant armour {unknown}
 t - 3 scrolls of remove curse
 x - a scroll of blinking {unknown}
 y - 3 scrolls of teleportation {unknown}
 A - 3 scrolls of identify
 F - a scroll of brand weapon {unknown}
Potions
 d - 3 potions of flight
 k - a potion of mutation {unknown}
 o - a potion of brilliance {unknown}
 r - a potion of degeneration {unknown}
 u - a potion of agility {unknown}
 v - a potion of haste {unknown}
 B - a potion of curing
Comestibles
 c - 7 rations


   Skills:
 + Level 1.4 Fighting
 - Level 1.7 Dodging
 - Level 1.7 Stealth
 - Level 4.3 Spellcasting
 - Level 3.1 Conjurations
 - Level 2.0 Hexes
 * Level 6.3 Fire Magic


You had 2 spell levels left.
You knew the following spells:

 Your Spells              Type           Power        Failure   Level  Hunger
a - Flame Tongue          Conj/Fire      ###..        1%          1    None
b - Conjure Flame         Conj/Fire      ###.....     6%          3    ###....
c - Inner Flame           Hex/Fire       ###.....     7%          3    ###....
d - Fireball              Conj/Fire      ###.......   47%         5    ######.

Your spell library contained the following spells:

 Spells                   Type           Power        Failure   Level  Hunger
 Throw Flame              Conj/Fire      ###...       3%          2    #......
 Sticky Flame             Conj/Fire      ###.....     19%         4    ####...


Dungeon Overview and Level Annotations

Branches:
Dungeon (6/15)
 Temple: D:4-7

Altars:
Ashenzari
Elyvilon
Kikubaaqudgha
Okawaru
Uskayaw
Wu Jian
Xom
Zin

Annotations:
D:4 1 runed door


Innate Abilities, Weirdness & Mutations

You have a pair of horns on your head.
Your flesh is cold resistant. (rC+)
A weak demonic guardian rushes to your aid.
You are immune to freezing clouds.
Your movements are slightly less encumbered by armour. (ER -2)


Message History

Confirm with . or Enter, or press ? or * to list all spells.
Aiming: Flame Tongue (safe; 1% risk of failure)
Press: ? - help, Shift-Dir - straight line, f/p - orc
Aim: an orc, wielding a hand axe and wearing a leather armour (moderately The flame tongue hits the orc.
The orc is severely wounded.
Casting: Flame Tongue (safe; 1% risk of failure)
Confirm with . or Enter, or press ? or * to list all spells.
Aiming: Flame Tongue (safe; 1% risk of failure)
Press: ? - help, Shift-Dir - straight line, f/p - orc
Aim: an orc, wielding a hand axe and wearing a leather armour (severely The flame tongue hits the orc.
The orc explodes!
The fiery explosion engulfs you!
Ouch! That really hurt!
The fiery explosion engulfs the orc.
You kill the orc!
You are engulfed in blazing flames.
Ouch! That really hurt!
You die...

##.###.....#<##
#.. #.#
###.#.#.# #..
#)# #.....# ##.
#.# #.....# #.
#.# #.....# #<
#.# #.....# ##
#.# #.....# #(#
####### #@#
#.§§# ....§)§
#.##.##.# # #.
o# #. o. # .#
.#


You could see 2 orcs.

Vanquished Creatures
  Menkaure (D:4)
  2 phantoms (D:4)
  A gnoll sergeant (D:6)
  2 scorpions
  A crimson imp (D:5)
  2 orc wizards (D:4)
  2 orc priests (D:3)
  A worker ant (D:4)
  A worker ant zombie (D:5)
  6 gnolls
  4 adders
  2 oozes
  2 worms
  A dart slug (D:3)
  5 leopard geckos
  22 orcs
  4 ball pythons
  9 bats
  A giant cockroach (D:4)
  11 goblins
  6 hobgoblins
  7 jackals
  4 quokkas
  A ball python skeleton (D:4)
  6 frilled lizards
  7 kobolds
  A leopard gecko skeleton (D:4)
  5 rats
117 creatures vanquished.

Vanquished Creatures (collateral kills)
  A worker ant (D:4)
  An orc (D:4)
  A giant cockroach (D:4)
3 creatures vanquished.

Grand Total: 120 creatures vanquished

Notes
Turn   | Place    | Note
-------+----------+-------------------------------------------
     0 | D:1      | Folque the Demonspawn Fire Elementalist began the quest for
                  | the Orb.
     0 | D:1      | Reached XP level 1. HP: 13/13 MP: 3/3
    59 | D:1      | Reached skill level 3 in Fire Magic
    59 | D:1      | Gained mutation: You have a pair of small horns on your
                  | head. [demonic ancestry]
    59 | D:1      | Reached XP level 2. HP: 12/19 MP: 0/5
   557 | D:1      | Gained mutation: Your flesh is cold resistant. (rC+)
                  | [demonic ancestry]
   557 | D:1      | Reached XP level 3. HP: 21/24 MP: 1/6
   936 | D:2      | Learned a level 3 spell: Inner Flame
   940 | D:2      | Learned a level 3 spell: Conjure Flame
  1124 | D:2      | Gained mutation: You have a pair of horns on your head.
                  | [demonic ancestry]
  1124 | D:2      | Reached XP level 4. HP: 21/30 MP: 3/8
  1509 | D:3      | Found a shimmering altar of Xom.
  1782 | D:3      | Reached skill level 4 in Fire Magic
  2051 | D:3      | Gained mutation: A weak demonic guardian rushes to your
                  | aid. [demonic ancestry]
  2051 | D:3      | Reached XP level 5. HP: 35/35 MP: 3/9
  2313 | D:3      | Found a hide-covered altar of Uskayaw.
  2349 | D:3      | Found a white marble altar of Elyvilon.
  2349 | D:3      | Found an ornate altar of the Wu Jian Council.
  2355 | D:3      | Found an iron altar of Okawaru.
  2357 | D:3      | Found an ancient bone altar of Kikubaaqudgha.
  2358 | D:3      | Found a glowing silver altar of Zin.
  2738 | D:4      | Found a shattered altar of Ashenzari.
  3249 | D:4      | Noticed a phantom
  3267 | D:4      | Gained mutation: You are immune to freezing clouds.
                  | [demonic ancestry]
  3267 | D:4      | Reached XP level 6. HP: 16/41 MP: 1/11
  3578 | D:4      | Reached skill level 5 in Fire Magic
  3585 | D:4      | Learned a level 5 spell: Fireball
  3784 | D:4      | Found a runed door.
  3818 | D:4      | Noticed Menkaure
  3829 | D:4      | Killed Menkaure
  3829 | D:4      | Reached skill level 1 in Hexes
  3829 | D:4      | Gained mutation: Your movements are slightly less
                  | encumbered by armour. (ER -2) [demonic ancestry]
  3829 | D:4      | Reached XP level 7. HP: 46/46 MP: 3/13
  3980 | D:4      | You fall through a shaft for 2 floors!
  3997 | D:6      | Reached skill level 6 in Fire Magic
  4009 | D:6      | Found an iron altar of Okawaru.
  4144 | D:6      | Noticed a wraith
  4168 | D:5      | Entered Level 5 of the Dungeon
  4385 | D:5      | Found an ancient bone altar of Kikubaaqudgha.
  4662 | D:5      | Reached skill level 1 in Fighting
  4823 | D:5      | Engulfed by a cloud of flame

Skill      XL: |  1  2  3  4  5  6  7 |
---------------+----------------------+-----
Fire Magic     | 3 4 5 6 |  6.3
Conjurations   | 2 3 |  3.1
Spellcasting   | 3 4 |  4.3
Hexes          | 1 2 |  2.0
Fighting       | 1 |  1.4
Dodging        | |  1.7
Stealth        | |  1.7

Action                   |  1- 3 |  4- 6 |  7- 9 || total
-------------------------+-------+-------+-------++-------
Melee: Unarmed           |    10 |       |       ||    10
       Dagger            |    12 |       |       ||    12
       Headbutt          |     8 |    14 |     9 ||    31
       Short sword       |    39 |    73 |       ||   112
       Long sword        |       |    34 |    50 ||    84
Throw: Tomahawk          |       |       |     3 ||     3
 Cast: Flame Tongue      |    41 |    85 |    32 ||   158
       Inner Flame       |       |     4 |     2 ||     6
       Conjure Flame     |       |     1 |       ||     1
  Use: Scroll            |       |     4 |       ||     4
       Potion            |       |     2 |       ||     2
 Stab: Sleeping          |     2 |     2 |     2 ||     6
  Eat: Chunk             |     1 |    12 |    11 ||    24
Armor: Robe              |    21 |    36 |    21 ||    78
Dodge: Dodged            |    50 |    72 |    28 ||   150
       Rpst.: Long sword |       |     8 |     8 ||    16
